 Dungeon Crawl Stone Soup version 0.26.0-20-g3ca415f5b8 (webtiles) character file.

Game seed: 15761427736984301517

1648305 Ratatosk the Slayer (level 27, 244/253 HPs)
             Began as a Demonspawn Fighter on Jan 14, 2021.
             Was a High Priest of Trog.
             Escaped with the Orb
             ... and 3 runes on Jan 24, 2021!
             The game lasted 06:01:01 (80656 turns).

Ratatosk the Slayer (Demonspawn Fighter)           Turns: 80656, Time: 06:01:02

Health: 244/253    AC: 44    Str: 17    XL:     27
Magic:  26/26      EV: 15    Int: 23    God:    Trog [*****.]
Gold:   1369       SH: 31    Dex: 12    Spells: 31/31 levels left

rFire    + + +     SeeInvis +   a - +11 broad axe of Monotheism {vorpal, rF+}
rCold    + + +     Faith    .   P - +8 tower shield {AC+3}
rNeg     . . .     Spirit   +   g - +10 plate armour of Fetavuj {rC+ Str-5 Int+9}
rPois    +         Reflect  .   (helmet unavailable)
rElec    +         Harm     .   K - scarf {rC+ rF+}
rCorr    +         Rampage  .   h - +2 pair of gloves {archery}
Will     +++++     Rnd*Rage +   O - +2 pair of boots of the Everdark {-Cast rC+++ Regen+ Slay+2 SInv} Stlth ..........NoCast +
                                Y - amulet of Sihiusm {rElec Will+ Regen+ Stlth-}
HPRegen  1.32/turn              x - ring of Weot {Ice Will++}
MPRegen  0.40/turn              u - ring of the Hare {EV+8}

@: resistant, hasted, very quick
A: claws 1, horns 3, rugged brown scales 3, berserk 1, clumsy 1, cold resistance
1, fire resistance 1, hurl damnation, powered by pain 3, weak 1, wild magic 1,
magic shield, magic regeneration, magic link, flame cloud immunity
0: Orb of Zot
}: 3/15 runes: serpentine, barnacled, silver
a: Hurl Damnation, Renounce Religion, Berserk, Trog's Hand, Brothers in Arms


You escaped.
You worshipped Trog.
Trog was extremely pleased with you.
You visited 10 branches of the dungeon, and saw 50 of its levels.
You also visited: Sewer, Bailey and Ice Cave.

You collected 9823 gold pieces.
You spent 8454 gold pieces at shops.

Inventory:

Hand Weapons
 a - the +11 broad axe of Monotheism (weapon) {vorpal, rF+}
   (Trog gifted it to you on level 1 of the Vaults)

   It inflicts extra damage upon your enemies.
   It protects you from fire.
 b - the +5 broad axe "Jaby" {antimagic, Str+2}
   (Trog gifted it to you on level 4 of the Vaults)

   It reduces the magical energy of the wielder, and disrupts the spells and
   magical abilities of those hit.
   Natural abilities and divine invocations are not affected.
   It affects your strength (+2).
 w - a +0 vampiric demon trident
Missiles
 f - 72 poisoned darts
 j - 3 throwing nets (quivered)
 D - 48 silver javelins
Armour
 g - the +10 plate armour of Fetavuj (worn) {rC+ Str-5 Int+9}
   (You bought it in a shop on level 1 of the Shoals)

   It affects your strength (-5).
   It affects your intelligence (+9).
   It protects you from cold.
 h - a +2 pair of gloves of archery (worn)
 i - +3 gold dragon scales
 I - a +2 pair of gloves
 K - a scarf of resistance (worn)
 O - the +2 pair of boots of the Everdark (worn) {-Cast rC+++ Regen+ Slay+2 SInv}
   (You found it on level 2 of the Elven Halls)

   It affects your accuracy and damage with ranged weapons and melee attacks
   (+2).
   It renders you almost immune to cold.
   It lets you see invisible.
   It prevents spellcasting.
   It increases your rate of regeneration.
 P - a +8 tower shield of protection (worn)
Jewellery
 u - the ring of the Hare (right hand) {EV+8}
   (You took it off an orc warlord on level 2 of the Orcish Mines)

   [ring of evasion]

   It affects your evasion (+8).
 x - the ring of Weot (left hand) {Ice Will++}
   (You took it off a vampire on level 3 of the Vaults)

   [ring of ice]

   It enhances your ice magic.
   It makes you vulnerable to fire.
   It protects you from cold.
   It affects your willpower, your defense against some magical effects.
 y - an uncursed ring of resist corrosion
 J - the ring of Iphaum {+Inv rC++ Will+}
   (You found it on level 3 of the Elven Halls)

   [ring of willpower]

   It greatly protects you from cold.
   It affects your willpower, your defense against some magical effects.
   It lets you turn invisible.
 Y - the amulet of Sihiusm (around neck) {rElec Will+ Regen+ Stlth-}
   (You bought it in a shop on level 1 of the Snake Pit)

   [amulet of regeneration]

   It insulates you from electricity.
   It affects your willpower, your defense against some magical effects.
   It increases your rate of regeneration.
   It makes you less stealthy.
Wands
 L - a wand of digging (10)
 N - a wand of paralysis (24)
 S - a wand of iceblast (50)
 U - a wand of acid (22)
Scrolls
 c - 4 scrolls of silence
 e - 13 scrolls of identify
 l - 2 scrolls of vulnerability
 m - a scroll of enchant weapon
 o - 16 scrolls of remove curse
 p - 4 scrolls of fear
 t - 6 scrolls of immolation
 B - 26 scrolls of teleportation
 M - 4 scrolls of blinking
 R - a scroll of summoning
 T - 6 scrolls of fog
Potions
 d - 5 potions of might
 k - 12 potions of curing
 n - 4 potions of magic
 q - 4 potions of haste
 s - 4 potions of cancellation
 v - 6 potions of lignification
 z - 16 potions of heal wounds
 C - 2 potions of invisibility
 E - 3 potions of flight
 F - 12 potions of ambrosia
 V - a potion of resistance
Miscellaneous
 r - a condenser vane
 G - a tin of tremorstones (2/2)
 W - a box of beasts
 X - a phial of floods
 Z - a phantom mirror


   Skills:
 + Level 23.7 Fighting
 - Level 19.7(20.0) Axes
 - Level 6.3(14.5) Polearms
 + Level 14.9 Throwing
 + Level 22.5 Armour
 - Level 23.1 Shields
 - Level 2.5 Spellcasting
 - Level 12.9 Evocations


You had 31 spell levels left.
You didn't know any spells.
Your spell library contained the following spells:

 Spells                   Type           Power        Failure   Level
 Animate Skeleton         Necr           6%           83%         1
 Apportation              Tloc           6%           83%         1
 Corona                   Hex            3%           83%         1
 Summon Small Mammal      Summ           12%          83%         1
 Portal Projectile        Hex/Tloc       6%           99%         3
 Summon Guardian Golem    Hex/Summ       3%           99%         3
 Summon Mana Viper        Hex/Summ       3%           100%        5
 Dispersal                Tloc           1%           100%        6


Dungeon Overview and Level Annotations

Branches:
Dungeon (15/15)            Temple (1/1) D:7            Lair (6/6) D:11
 Shoals (4/4) Lair:2        Snake (4/4) Lair:4        Slime (0/5) Lair:5
    Orc (2/2) D:11            Elf (3/3) Orc:2        Vaults (5/5) D:13
  Crypt (0/3) Vaults:3     Depths (5/5) D:15            Zot (5/5) Depths:5
  Sewer (visited)          Bailey (visited)           IceCv (visited)

Altars:
Ashenzari
Cheibriados
Elyvilon
Gozag
Makhleb
Nemelex Xobeh
Ru
Trog
Vehumet
Xom
Zin
The Shining One

Shops:
Orc:1 (   Orc:2 ([=   Elf:1 *   Elf:3 !   Shoals:1 [   Snake:1 ==}
Snake:2 [[}   Snake:3 ??*!*   Vaults:3 :   Vaults:5 ?

Portals:
Hell: Depths:1 Depths:2 Depths:3 Depths:4 Depths:5
Abyss: Orc:2 Depths:2 Depths:3 Depths:4 Depths:5
Pandemonium: Depths:2 Depths:3 Depths:4
Ziggurat: Depths:1

Annotations:
D:9 1 runed translucent door, exclusion: door, OdinFK's ghost, journeyman OpFE
Depths:5 2 exclusions
Zot:1 1 runed translucent door, exclusion: door, Dawneret's ghost, master GnFi
Zot:2 3 runed translucent doors, Caminho's ghost, adept DDFi
Zot:5 18 runed doors


Innate Abilities, Weirdness & Mutations

You have a pair of large horns on your head.
You are completely covered in rugged brown scales. (AC +3, +7% HP)
Your flesh is heat resistant. (rF+)
You can hurl damnation.
You are powered by pain.
When hurt, damage is shared between your health and your magic reserves.
You regenerate magic rapidly.
When low on magic, you restore magic in place of health.
You are immune to clouds of flame.
You have sharp fingernails.
You tend to lose your temper in combat.
You are clumsy. (Dex -2)
Your flesh is cold resistant. (rC+)
You are weak. (Str -2)
Your spells are a little harder to cast, but a little more powerful.


Message History

There is a stone staircase leading down here.
A smoke demon and a pandemonium lord come into view.
Press: ? - help, v - describe, . - travel The floor.
This square is covered in magical glow.
Blink to where?
Press: ? - help, Dir - move target
As you read the scroll of blinking, it crumbles to dust.
Xiybexot moves out of view.
The smoke demon moves out of view.
You feel yourself speed up.
You feel protected.
Evoke which item? (* to show all) (? for menu, Esc to quit)
Aiming: Dig
Press: ? - help, Shift-Dir - straight line A rock wall.
This square is covered in magical glow.
The rock shatters into small pieces.
There is an escape hatch in the floor here.
There is a staircase leading out of the dungeon here.
You have escaped!

........#######.#######.#
.####.#.................#
.# #.#.##..#.#>##..##..#
.## #.#.....##.###......#
..# #.#.##.##### ##.##..#
#.# #.#.>##.## ###>..#
#.###.#.##.#.######.##..#
#..##.#.....#.#.##......#
##.##.#.##..##>#@#..##..#
#.##.#.................#
##..#.########.......##.#
..........)..'.......##.#
###.#.#..#####.......##.#
#...#..#...#.########.#
##..#..#.#.#.# #.#####
#..#..#.#.#.# #.†...#
#..#......#.# #####.#


There were no monsters in sight!

Vanquished Creatures
  9 orbs of fire
  2 juggernauts
  7 ancient liches
  Mennas (Depths:3)
  4 Killer Klowns (Zot:5)
  Margery (Vaults:2)
  Xtahua (Depths:3)
  3 curse toes
  5 caustic shrikes (Depths:4)
  14 golden dragons
  Nikola (Shoals:2)
  4 bone dragons
  2 electric golems (Zot:5)
  A Brimstone Fiend (Depths:5)
  27 Orb Guardians
  16 tentacled monstrosities
  3 liches
  5 titans
  2 Ice Fiends
  A Hell Sentinel (Depths:3)
  3 deep elf blademasters
  8 quicksilver dragons
  4 krakens
  2 deep elf master archers (Elf:3)
  An Executioner (Depths:5)
  4 sphinxes
  Polyphemus (Shoals:3)
  5 tengu reavers
  13 death cobs
  13 storm dragons
  8 nagarajas (Snake:4)
  Kirke (Shoals:4)
  11 fire giants
  10 shadow dragons
  3 ghost moths
  3 deep elf sorcerers
  Louise (D:14)
  3 draconian scorchers
  2 balrugs (Depths:1)
  12 frost giants
  An orc warlord (Orc:2)
  Aizul (Snake:1)
  22 vault wardens
  5 iron dragons
  11 deep elf elementalists
  4 draconian stormcallers
  4 draconian knights
  4 draconian shifters
  3 draconian annihilators
  The ghost of Froggeryz the Impaler, a journeyman TeAK of Lugonu (Orc:2)
  29 very ugly things
  A spriggan defender (Depths:4)
  20 ironheart preservers
  32 stone giants
  3 vampire knights
  Nessos (D:12)
  A lorocyproca (Depths:3)
  10 black draconians
  11 green draconians
  7 dire elephants
  7 red draconians
  An entropy weaver (Vaults:4)
  9 deep elf annihilators
  5 deep elf demonologists
  12 purple draconians
  21 ettins
  9 white draconians
  2 crystal guardians
  4 yellow draconians
  6 spark wasps
  A dire elephant (shapeshifter) (Vaults:5)
  4 merfolk javelineers (Shoals:4)
  5 jiangshi
  13 yaktaur captains
  3 deep elf high priests
  8 merfolk impalers
  Josephine (D:14)
  Snorg (D:14)
  A fire dragon (shapeshifter) (Vaults:5)
  5 deep elf death magi
  8 fire dragons
  9 boulder beetles
  Fannar (Lair:1)
  13 great orbs of eyes
  9 rakshasas
  36 vault guards
  A hell beast (Depths:1)
  6 spriggan air magi
  21 ice dragons
  2 death knights
  5 hydras
  11 centaur warriors
  12 naga warriors
  4 anacondas
  4 merfolk avatars
  4 catoblepae
  16 ogre magi
  5 alligator snapping turtles
  33 dancing weapons
  9 deep troll shamans
  5 death yaks
  5 satyrs
  41 two-headed ogres
  2 merfolk aquamancers
  A death yak (shapeshifter) (Vaults:2)
  An alligator (Shoals:1)
  4 vampire magi
  7 tengu warriors
  9 naga sharpshooters
  3 shock serpents
  3 orc high priests
  5 spriggan berserkers
  7 hell knights
  8 deep troll earth magi
  4 sun demons
  23 deep elf knights
  A soul eater (D:15)
  2 shadow wraiths
  7 salamander mystics
  5 iron trolls
  A sixfirhy (D:10)
  A goliath frog (shapeshifter) (Vaults:5)
  5 skeletal warriors (D:15)
  An infernal demonspawn (Depths:3)
  A storm dragon skeleton (Vaults:4)
  8 unseen horrors
  4 flayed ghosts
  13 sea snakes
  27 deep trolls
  A deep troll (shapeshifter) (Depths:4)
  8 glowing orange brains
  22 deep elf archers
  6 phantasmal warriors
  3 unseen horrors (shapeshifter)
  13 orc knights
  13 wizards
  19 ironbrand convokers
  13 harpies
  9 naga ritualists
  A wolf spider zombie (D:15)
  An orb spider (shapeshifter) (Vaults:1)
  5 mana vipers
  7 wolf spiders
  58 deep elf magi
  7 necromancers
  An iron dragon zombie (Depths:1)
  2 oklob plants (D:12)
  A sphinx skeleton (Depths:1)
  3 orc sorcerers
  A tengu skeleton (Depths:1)
  22 salamanders
  19 manticores
  19 fauns
  34 ugly things
  9 cyclopes
  14 elephants
  10 moths of wrath
  A guardian serpent (shapeshifter) (Depths:3)
  15 vault sentinels
  12 merfolk sirens
  6 guardian serpents
  33 black mambas
  2 ice statues (IceCv)
  2 smoke demons
  A torpor snail (Lair:6)
  19 naga magi
  A water nymph (Shoals:4)
  A gargoyle (D:12)
  13 cane toads
  A hellion (Zot:3)
  A rime drake (shapeshifter) (D:15)
  A kobold demonologist (D:13)
  5 spectral swamp worms (Depths:4)
  2 human zombies (Vaults:1)
  10 freezing wraiths
  2 cane toads (shapeshifter)
  3 hellwings (Depths:5)
  3 tengu conjurers
  67 yaktaurs
  A yaktaur skeleton (Vaults:4)
  2 human skeletons
  4 rime drakes
  18 komodo dragons
  6 red devils
  3 queen bees
  A komodo dragon (shapeshifter) (Vaults:2)
  2 meliai (shapeshifter)
  A hornet (shapeshifter) (Elf:3)
  7 trolls
  5 hornets
  18 merfolk
  12 meliai
  A jumping spider (shapeshifter) (Vaults:4)
  A raiju (Orc:2)
  A wolf spider simulacrum (Vaults:1)
  9 wind drakes
  4 polar bears
  3 small abominations (Depths:3)
  A queen bee (shapeshifter) (Vaults:2)
  28 slime creatures
  32 blink frogs
  A deep troll zombie (Depths:1)
  A tyrant leech (shapeshifter) (Depths:5)
  12 dream sheep
  7 snapping turtles
  A meliai zombie (D:13)
  A stone giant simulacrum (Vaults:2)
  A redback (Vaults:4)
  Sigmund (D:4)
  A tarantella (shapeshifter) (D:13)
  5 vampires
  A redback (shapeshifter) (Depths:4)
  A spriggan (shapeshifter) (Vaults:1)
  3 spriggans
  16 water elementals
  4 air elementals
  4 shadows
  35 yaks
  2 orc simulacra (Vaults:2)
  10 wraiths
  3 wyverns
  A human (shapeshifter) (Vaults:3)
  3 basilisks
  A hog (shapeshifter) (D:14)
  3 hogs (Shoals:4)
  3 steam dragons (Shoals:2)
  2 chaos spawn (Depths:3)
  9 large abominations
  A redback simulacrum (D:12)
  6 wargs
  40 nagas
  An ogre zombie (Vaults:1)
  A swamp worm (shapeshifter) (Vaults:5)
  2 soldier ants (shapeshifter)
  A soldier ant (D:13)
  2 acid dragons
  A floating eye (Depths:4)
  16 water moccasins
  47 orc warriors
  4 phantoms
  An elf simulacrum (Depths:1)
  3 sky beasts
  13 ice beasts
  26 ogres
  An eye of draining (D:15)
  A necrophage (D:6)
  An ogre (shapeshifter) (Vaults:5)
  2 boggarts (Depths:2)
  34 centaurs
  An eye of draining (shapeshifter) (Vaults:3)
  30 wolves
  2 big kobolds
  25 bullfrogs
  A wyvern zombie (D:12)
  A wyvern skeleton (D:13)
  2 earth elementals (Elf:3)
  4 scorpions
  3 human simulacra (Vaults:1)
  54 killer bees
  26 wights
  6 electric eels
  4 howler monkeys
  4 crimson imps (Depths:5)
  2 quasits
  7 hounds
  3 bullfrog zombies
  3 centaur zombies
  3 jellies
  29 orc wizards
  22 orc priests
  4 bullfrog skeletons
  5 centaur skeletons
  3 iguanas
  6 worker ants
  A hound zombie (D:10)
  A hound skeleton (D:8)
  A howler monkey zombie (D:9)
  3 worker ant zombies
  19 adders
  14 gnolls
  2 white imps (D:5)
  3 ufetubi
  21 oozes
  An adder zombie (D:7)
  3 worms
  An adder skeleton (D:8)
  2 dart slugs
  16 leopard geckos
  114 orcs
  12 bats
  17 giant cockroaches
  20 goblins
  23 hobgoblins
  8 jackals
  5 quokkas
  13 ball pythons
  11 frilled lizards
  A jackal skeleton (D:6)
  15 kobolds
  A quokka skeleton (D:5)
  7 rats
  2 crawling corpses (Elf:3)
  A fire vortex (Depths:4)
  13 tentacles
2538 creatures vanquished.

Vanquished Creatures (collateral kills)
  An orb of fire (Zot:5)
  A Killer Klown (Zot:5)
  A lich (Depths:2)
  An Orb Guardian (Zot:5)
  Gastronok (Lair:2)
  2 fire giants
  A vault warden (Vaults:2)
  2 orc warlords
  A deep elf annihilator (Depths:2)
  2 ettins (Depths:1)
  A naga warrior (Snake:4)
  3 naga sharpshooters (Snake:4)
  4 hell knights (Vaults:2)
  A sun demon (Depths:1)
  A wizard (Orc:2)
  An orc knight (Bailey)
  A deep elf mage (D:8)
  An ugly thing (IceCv)
  A cyclops (D:14)
  4 naga magi (Snake:4)
  6 elephants (Lair:2)
  3 black mambas (Snake:4)
  A rust devil (Orc:2)
  A centaur skeleton (D:11)
  A gargoyle (D:10)
  3 yaktaurs
  A tengu conjurer (D:11)
  2 polar bears (Lair:1)
  A wind drake (shapeshifter) (Depths:2)
  A wyvern (D:11)
  A wraith (D:11)
  A basilisk (Lair:2)
  3 ice beasts (IceCv)
  8 orc warriors
  A centaur (Depths:1)
  A big kobold (D:11)
  A bullfrog (D:11)
  A killer bee (Depths:2)
  2 orc priests (D:11)
  A gnoll (Bailey)
  8 orcs
  A goblin (Bailey)
  A hobgoblin (Bailey)
81 creatures vanquished.

Vanquished Creatures (others)
  A draconian knight (Zot:1)
  A draconian scorcher (Zot:4)
  A deep elf demonologist (Elf:3)
  2 deep elf knights (Elf:1)
  A sea snake (shapeshifter) (Vaults:5)
  A deep elf mage (Vaults:3)
  A salamander (Depths:5)
  A naga (Snake:1)
  A centaur (Depths:1)
  27 fungi
  267 plants
  24 tentacles
328 creatures vanquished.

Grand Total: 2947 creatures vanquished

Notes
Turn   | Place    | Note
-------+----------+-------------------------------------------
     0 | D:1      | Ratatosk the Demonspawn Fighter began the quest for the
                  | Orb.
     0 | D:1      | Reached XP level 1. HP: 18/18 MP: 1/1
   393 | D:1      | Gained mutation: You sometimes gain a little power by
                  | taking damage. [demonic ancestry]
   393 | D:1      | Reached XP level 2. HP: 21/24 MP: 2/2
   898 | D:1      | Reached XP level 3. HP: 29/29 MP: 3/3
  1332 | D:2      | Found a bloodstained altar of Trog.
  1812 | D:2      | Became a worshipper of Trog the Wrathful
  2090 | D:3      | Gained mutation: You are partially covered in rugged brown
                  | scales. (AC +1, +3% HP) [demonic ancestry]
  2090 | D:3      | Reached XP level 4. HP: 17/38 MP: 4/4
  2705 | D:3      | Found an opulent altar of Gozag.
  2824 | D:3      | Gained mutation: When hurt, damage is shared between your
                  | health and your magic reserves. [demonic ancestry]
  2824 | D:3      | Reached XP level 5. HP: 43/43 MP: 5/5
  3366 | D:4      | Reached * piety under Trog
  3584 | D:4      | Gained mutation: You are mostly covered in rugged brown
                  | scales. (AC +2, +5% HP) [demonic ancestry]
  3584 | D:4      | Reached XP level 6. HP: 33/51 MP: 6/6
  3798 | D:4      | Noticed Sigmund
  3811 | D:4      | Killed Sigmund
  3812 | D:4      | Reached skill level 5 in Fighting
  4002 | D:4      | Gained mutation: You regenerate magic rapidly. [demonic
                  | ancestry]
  4002 | D:4      | Reached XP level 7. HP: 29/58 MP: 4/7
  4753 | D:5      | Entered Level 5 of the Dungeon
  4763 | D:5      | Reached skill level 5 in Shields
  4932 | D:5      | Reached ** piety under Trog
  4933 | D:5      | Reached skill level 5 in Axes
  5102 | D:5      | Found a glowing drain.
  5106 | Sewer    | Entered a sewer
  5400 | Sewer    | Gained mutation: You have a pair of small horns on your
                  | head. [demonic ancestry]
  5400 | Sewer    | Reached XP level 8. HP: 62/67 MP: 8/8
  5474 | Sewer    | Reached *** piety under Trog
  5827 | D:5      | Found a snail-covered altar of Cheibriados.
  6487 | D:6      | Found a bloodstained altar of Trog.
  7036 | D:6      | Gained mutation: You are completely covered in rugged brown
                  | scales. (AC +3, +7% HP) [demonic ancestry]
  7036 | D:6      | Reached XP level 9. HP: 67/77 MP: 9/9
  7223 | D:6      | Reached **** piety under Trog
  7252 | D:6      | Got a jet-encrusted scale mail
  7262 | D:6      | Identified the cursed +1 scale mail "Meyhouphie" {*Corrode
                  | +Fly rElec} (You found it on level 6 of the Dungeon)
  7890 | D:7      | Found a staircase to the Ecumenical Temple.
  7898 | Temple   | Entered the Ecumenical Temple
  8639 | D:8      | Found a flagged portal.
  8651 | Bailey   | Entered a bailey
  8814 | Bailey   | Reached ***** piety under Trog
  9098 | Bailey   | Noticed an orc warlord
  9098 | Bailey   | Noticed an orc knight
  9109 | Bailey   | Killed an orc knight
  9119 | Bailey   | Killed an orc warlord
  9120 | Bailey   | Gained mutation: You sometimes gain power by taking damage.
                  | [demonic ancestry]
  9120 | Bailey   | Reached XP level 10. HP: 77/88 MP: 7/10
  9395 | Bailey   | Got a transparent cloak
  9407 | Bailey   | Identified the Handbook of Creation and Displacement
  9453 | D:8      | Identified 2 scrolls of acquirement
  9454 | D:8      | Acquired 837 gold pieces
  9455 | D:8      | Acquired the ring "Fips" {rC+ MP+9 Str+3}
  9577 | D:8      | Noticed a deep elf mage
  9591 | D:8      | Killed a deep elf mage
  9990 | D:8      | Found a white marble altar of Elyvilon.
 10103 | D:8      | Identified the cursed -1 cloak "Sune Mie" {rC+ MP+9 Int+3
                  | Dex+6} (You found it in a bailey)
 10424 | D:9      | Found a burning altar of Makhleb.
 10469 | D:9      | Found a runed translucent door.
 10473 | D:9      | Found a shimmering altar of Xom.
 10473 | D:9      | Noticed OdinFK's ghost (journeyman OpFE)
 10473 | D:9      | Noticed a +2 flail of chaos
 10896 | D:9      | Received a gift from Trog
 11389 | D:9      | Noticed a deep elf mage
 11399 | D:9      | Killed a deep elf mage
 11546 | D:10     | Entered Level 10 of the Dungeon
 11980 | D:10     | Noticed a gargoyle
 11985 | D:10     | Killed a gargoyle
 12246 | D:10     | Killed an unseen horror
 12247 | D:10     | Reached XP level 11. HP: 80/95 MP: 11/11
 12417 | D:10     | Found a snail-covered altar of Cheibriados.
 12870 | D:11     | Found a staircase to the Lair.
 12887 | D:11     | Reached skill level 10 in Axes
 12937 | D:11     | Noticed a two-headed ogre
 12948 | D:11     | Killed a two-headed ogre
 12949 | D:11     | Reached skill level 5 in Armour
 13356 | D:11     | Noticed a two-headed ogre
 13364 | D:11     | Killed a two-headed ogre
 13385 | D:11     | Noticed a fire giant
 13390 | D:11     | Received a gift from Trog
 13392 | D:11     | Killed a fire giant
 13482 | D:11     | Noticed a green ugly thing
 13494 | D:11     | Killed a green ugly thing
 13562 | D:11     | Reached skill level 10 in Shields
 13893 | D:11     | Found a staircase to the Orcish Mines.
 14214 | Lair:1   | Entered Level 1 of the Lair of Beasts
 14718 | Lair:1   | Reached XP level 12. HP: 97/101 MP: 12/12
 15117 | Lair:1   | Noticed Fannar
 15128 | Lair:1   | Killed Fannar
 15406 | Lair:1   | Received a gift from Trog
 15606 | Lair:2   | Noticed a boulder beetle
 15617 | Lair:2   | Killed a boulder beetle
 15864 | Lair:2   | Noticed Gastronok
 15891 | Lair:2   | Killed Gastronok
 16020 | Lair:2   | Found a staircase to the Shoals.
 16189 | Lair:2   | Reached XP level 13. HP: 99/108 MP: 13/13
 17110 | Lair:3   | Received a gift from Trog
 18922 | Lair:4   | Found a staircase to the Snake Pit.
 19625 | Lair:5   | Found a staircase to the Slime Pits.
 20255 | Lair:6   | Entered Level 6 of the Lair of Beasts
 20263 | Lair:6   | Received a gift from Trog
 20264 | Lair:6   | Gained mutation: You have a pair of horns on your head.
                  | [demonic ancestry]
 20264 | Lair:6   | Reached XP level 14. HP: 110/115 MP: 14/14
 20381 | Lair:6   | Found a frozen archway.
 20403 | IceCv    | Entered an ice cave
 20418 | IceCv    | Found a transporter.
 20425 | IceCv    | Got a distressingly furry scale mail
 20444 | IceCv    | Identified the +1 scale mail of the Hall of Blades {+Blink
                  | rElec Will-} (You found it in an ice cave)
 20458 | IceCv    | Found a transporter.
 20479 | IceCv    | Reached skill level 10 in Armour
 20752 | Lair:6   | Reached skill level 15 in Axes
 23038 | D:12     | Noticed Nessos
 23057 | D:12     | Received a gift from Trog
 23292 | D:12     | Reached skill level 10 in Fighting
 24016 | D:12     | Killed Nessos
 24595 | D:12     | Reached XP level 15. HP: 102/123 MP: 15/15
 25640 | D:13     | Received a gift from Trog
 26417 | D:13     | Found a gate to the Vaults.
 26483 | D:14     | Upgraded the game from 0.26.0-10-g1f06aea511 to
                  | 0.26.0-11-g8f856b5395
 26583 | D:14     | Noticed Josephine
 26600 | D:14     | Killed Josephine
 26647 | D:14     | Noticed Louise
 26658 | D:14     | Killed Louise
 27177 | D:14     | Noticed Snorg
 27183 | D:14     | Killed Snorg
 27546 | D:15     | Entered Level 15 of the Dungeon
 27909 | D:15     | Received a gift from Trog
 27910 | D:15     | Found the +7 mace of Variability {chain chaos}
 28263 | D:15     | Found a staircase to the Depths.
 30097 | D:15     | Acquired a manual of Shields
 30228 | Orc:1    | Entered Level 1 of the Orcish Mines
 30244 | Orc:1    | Reached XP level 16. HP: 135/135 MP: 16/16
 30252 | Orc:1    | Received a gift from Trog
 30253 | Orc:1    | Found the +14 obsidian axe {vorpal, +Fly SInv *Curse}
 30360 | Orc:1    | Found Faubasu's Antique Weapon Shop.
 30531 | Orc:2    | Entered Level 2 of the Orcish Mines
 30531 | Orc:2    | Found Ajeba's Antique Armour Boutique.
 30788 | Orc:2    | Found Peaxuc's General Store.
 31203 | Orc:2    | Found Sibb's Jewellery Emporium.
 31371 | Orc:2    | Found a staircase to the Elven Halls.
 31560 | Orc:2    | Found Zetivud's Antique Weapon Shoppe.
 31796 | Orc:2    | Noticed Froggeryz's ghost (journeyman TeAK)
 31803 | Orc:2    | Found a transporter.
 31846 | Orc:2    | Found a transporter.
 32109 | Orc:2    | Identified the +5 dire flail "Makoleh" {distort, rC- Dex+3
                  | SInv}
 32179 | Orc:2    | Found a one-way gate to the infinite horrors of the Abyss.
 32192 | Orc:2    | Killed Froggeryz's ghost
 32338 | Orc:1    | You fall into a shaft and drop 1 floor!
 32553 | Snake:1  | Entered Level 1 of the Snake Pit
 32590 | Snake:1  | Received a gift from Trog
 33596 | Snake:1  | Noticed Aizul
 33618 | Snake:1  | Killed Aizul
 34044 | Snake:1  | Found Weaqin's Gadget Emporium.
 34212 | Snake:1  | Found Byki's Jewellery Shop.
 34212 | Snake:1  | Found Aprig's Jewellery Shop.
 34224 | Snake:1  | Bought a tin of tremorstones (2/2) for 560 gold pieces
 34224 | Snake:1  | Bought a phial of floods for 560 gold pieces
 34580 | Snake:2  | Found a sparkling altar of Nemelex Xobeh.
 34696 | Snake:2  | Reached skill level 1 in Evocations
 34749 | Snake:2  | Reached skill level 15 in Shields
 34782 | Snake:2  | Found Bustraxt's Armour Boutique.
 35386 | Snake:2  | Bought a +2 pair of gloves for 280 gold pieces
 35386 | Snake:2  | Bought a +0 tower shield of protection for 195 gold pieces
 35458 | Snake:2  | Found Elubin's Gadget Shoppe.
 35466 | Snake:2  | Bought a condenser vane for 520 gold pieces
 35466 | Snake:2  | Found Boefiutapp's Armour Shoppe.
 36089 | Snake:2  | Bought a +3 plate armour of poison resistance for 630 gold
                  | pieces
 36375 | Snake:3  | Received a gift from Trog
 36558 | Snake:3  | Found Usyischa's Assorted Antiques.
 36623 | Snake:3  | Found Offaxed's Distillery.
 36643 | Snake:3  | Found Vaqinuf's Assorted Antiques.
 36643 | Snake:3  | Found Juackesk's Magic Scroll Boutique.
 36716 | Snake:3  | Bought a potion of heal wounds for 75 gold pieces
 36716 | Snake:3  | Found Leufy's Magic Scroll Boutique.
 36719 | Snake:3  | Bought a potion of heal wounds for 120 gold pieces
 36747 | Snake:3  | Gained mutation: Your flesh is heat resistant. (rF+)
                  | [demonic ancestry]
 36747 | Snake:3  | Reached XP level 17. HP: 122/144 MP: 17/17
 36763 | Snake:3  | Bought a scroll of blinking for 90 gold pieces
 37101 | Snake:4  | Entered Level 4 of the Snake Pit
 37989 | Snake:3  | Bought a scroll of acquirement for 1040 gold pieces
 37991 | Snake:3  | Acquired 836 gold pieces
 38602 | Snake:4  | Received a gift from Trog
 39200 | Snake:4  | Reached skill level 5 in Evocations
 39696 | Snake:4  | Got a serpentine rune of Zot
 40171 | Elf:1    | Entered Level 1 of the Elven Halls
 40192 | Elf:1    | Received a gift from Trog
 40388 | Elf:1    | Found Mywir's Assorted Antiques.
 41167 | Elf:1    | Reached ****** piety under Trog
 41167 | Elf:1    | Received a gift from Trog
 41427 | Shoals:1 | Entered Level 1 of the Shoals
 41438 | Shoals:1 | Gained mutation: When low on magic, you restore magic in
                  | place of health. [demonic ancestry]
 41438 | Shoals:1 | Reached XP level 18. HP: 155/155 MP: 18/18
 41593 | Shoals:1 | Reached skill level 1 in Spellcasting
 41781 | Shoals:1 | Found Xaeloev's Antique Armour Shop.
 43058 | Shoals:2 | Received a gift from Trog
 43526 | Shoals:2 | Noticed Nikola
 43554 | Shoals:2 | Killed Nikola
 44496 | Shoals:3 | Noticed Polyphemus
 44514 | Shoals:3 | Killed Polyphemus
 45501 | Shoals:4 | Entered Level 4 of the Shoals
 46664 | Shoals:4 | Noticed Kirke
 46664 | Shoals:4 | Received a gift from Trog
 46668 | Shoals:4 | Gained mutation: You have a pair of large horns on your
                  | head. [demonic ancestry]
 46668 | Shoals:4 | Reached XP level 19. HP: 62/163 MP: 12/22
 46977 | Shoals:4 | Killed Kirke
 47402 | Shoals:4 | Found a runed translucent door.
 47604 | Shoals:4 | Got a barnacled rune of Zot
 48047 | Shoals:1 | Bought a smoking plate armour for 1036 gold pieces
 48047 | Shoals:1 | Identified the +10 plate armour of Fetavuj {rC+ Str-5
                  | Int+9} (You bought it in a shop on level 1 of the Shoals)
 48242 | Vaults:1 | Entered Level 1 of the Vaults
 48356 | Vaults:1 | Reached skill level 1 in Polearms
 48376 | Vaults:1 | Received a gift from Trog
 48937 | Vaults:1 | Reached skill level 15 in Fighting
 49259 | Vaults:1 | Received a gift from Trog
 49263 | Vaults:1 | Identified the +11 broad axe of Monotheism {vorpal, rF+}
                  | (Trog gifted it to you on level 1 of the Vaults)
 49434 | Vaults:1 | You fall into a shaft and drop 1 floor!
 49434 | Vaults:2 | Noticed Margery
 49443 | Vaults:2 | Killed Margery
 49729 | Vaults:2 | Reached skill level 15 in Armour
 49929 | Vaults:2 | Received a gift from Trog
 50674 | Vaults:1 | Gained mutation: You are immune to clouds of flame.
                  | [demonic ancestry]
 50674 | Vaults:1 | Reached XP level 20. HP: 167/174 MP: 23/23
 51171 | Vaults:2 | Received a gift from Trog
 51172 | Vaults:2 | Reached skill level 5 in Polearms
 52173 | Vaults:2 | Upgraded the game from 0.26.0-11-g8f856b5395 to
                  | 0.26.0-15-gc6cd9f700b
 52520 | Vaults:3 | Upgraded the game from 0.26.0-15-gc6cd9f700b to
                  | 0.26.0-16-gc1dbca0489
 52582 | Vaults:3 | Received a gift from Trog
 52978 | Vaults:3 | Found Riratec's Book Shoppe.
 53356 | Vaults:3 | Found a staircase to the Crypt.
 53356 | Vaults:3 | Identified the ring of Weot {Ice Will++}
 53647 | Vaults:3 | Received a gift from Trog
 54050 | Vaults:3 | Reached XP level 21. HP: 120/184 MP: 16/24
 54599 | Vaults:4 | Received a gift from Trog
 55470 | Vaults:4 | Received a gift from Trog
 55477 | Vaults:4 | Identified the +5 broad axe "Jaby" {antimagic, Str+2} (Trog
                  | gifted it to you on level 4 of the Vaults)
 57040 | Elf:2    | Got a pair of spiked boots
 57050 | Elf:2    | Identified the +2 pair of boots of the Everdark {-Cast
                  | rC+++ Regen+ Slay+2 SInv} (You found it on level 2 of the
                  | Elven Halls)
 57112 | Elf:2    | Found a huge runed translucent gate.
 57112 | Elf:2    | Found a huge runed translucent gate.
 57112 | Elf:2    | Found a huge runed translucent gate.
 57112 | Elf:2    | Found a huge runed translucent gate.
 57112 | Elf:2    | Found a huge runed translucent gate.
 57278 | Elf:2    | Received a gift from Trog
 57671 | Elf:3    | Entered Level 3 of the Elven Halls
 57716 | Elf:3    | Received a gift from Trog
 57823 | Elf:3    | Found Xurchum's Distillery.
 58512 | Elf:3    | Gained mutation: You can hurl damnation. [demonic ancestry]
 58512 | Elf:3    | Reached XP level 22. HP: 188/194 MP: 25/25
 58523 | Elf:3    | Received a gift from Trog
 58548 | Elf:3    | Identified the ring "Hyelar" {*Slow Will+ MP+9 SInv}
 58703 | Elf:3    | Received a gift from Trog
 58767 | Elf:3    | Identified the cursed +1 dire flail "Soz Xusawu" {vorpal,
                  | rC+}
 58813 | Elf:3    | Found the cursed necklace of Bloodlust {*Rage +Rage Will++
                  | Int-3 Slay+6 *Curse}
 58823 | Elf:3    | Got a warped lead ring
 58824 | Elf:3    | Identified the ring of Iphaum {+Inv rC++ Will+} (You found
                  | it on level 3 of the Elven Halls)
 59454 | Depths:1 | Entered Level 1 of the Depths
 59782 | Depths:1 | Received a gift from Trog
 59917 | Depths:1 | Found a gateway to a ziggurat.
 60134 | Depths:1 | Found a broken altar of Ashenzari.
 60253 | Depths:1 | Found a gateway to Hell.
 60973 | Depths:2 | Noticed a juggernaut
 60994 | Depths:2 | Killed a juggernaut
 61067 | Depths:2 | Noticed a golden dragon
 61520 | Depths:2 | Received a gift from Trog
 61542 | Depths:2 | Gained mutation: You are powered by pain. [demonic
                  | ancestry]
 61542 | Depths:2 | Reached XP level 23. HP: 87/205 MP: 22/26
 62342 | Depths:2 | Received a gift from Trog
 62387 | Depths:2 | Found a one-way gate leading to the halls of Pandemonium.
 62754 | Depths:2 | Reached skill level 10 in Evocations
 63028 | Depths:3 | Noticed Mennas
 63042 | Depths:3 | Killed Mennas
 63207 | Depths:3 | Received a gift from Trog
 63208 | Depths:3 | Identified the +2 hand axe of Canai {holy, rF+}
 63216 | Depths:3 | Identified the cursed +0 troll leather armour "Cacuir"
                  | {rElec Will++ Regen+ rCorr Str-2}
 63375 | Depths:3 | Received a gift from Trog
 63512 | Depths:3 | Noticed Xtahua
 63525 | Depths:3 | Killed Xtahua
 63631 | Depths:3 | Reached XP level 24. HP: 210/215 MP: 26/26
 64133 | Depths:3 | Upgraded the game from 0.26.0-16-gc1dbca0489 to
                  | 0.26.0-18-gc5c842f807
 64225 | Depths:4 | Received a gift from Trog
 64863 | Depths:4 | Received a gift from Trog
 64864 | Depths:4 | Reached skill level 1 in Throwing
 64897 | Depths:4 | Paralysed by a floating eye for 4 turns
 65535 | Depths:4 | Received a gift from Trog
 65683 | Depths:5 | Entered Level 5 of the Depths
 65971 | Depths:5 | Reached skill level 5 in Throwing
 66071 | Depths:5 | Received a gift from Trog
 66147 | Depths:5 | Reached XP level 25. HP: 224/224 MP: 26/26
 66177 | Depths:5 | Noticed a juggernaut
 66202 | Depths:5 | Killed a juggernaut
 67168 | Depths:5 | Found a gate to the Realm of Zot.
 67625 | Shoals:4 | Received a gift from Trog
 67936 | Snake:1  | Bought the amulet of Sihiusm {rElec Will+ Regen+ Stlth-}
                  | for 819 gold pieces
 68009 | Snake:3  | Bought a potion of resistance for 150 gold pieces
 68009 | Snake:3  | Bought a potion of haste for 150 gold pieces
 68015 | Snake:3  | Bought a scroll of blinking for 150 gold pieces
 68015 | Snake:3  | Bought a scroll of enchant armour for 150 gold pieces
 68179 | Shoals:1 | Bought a pair of embroidered gloves for 277 gold pieces
 68486 | Vaults:5 | Entered Level 5 of the Vaults
 68589 | Vaults:5 | Noticed an ancient lich
 68598 | Vaults:5 | Killed an ancient lich
 68793 | Vaults:5 | Received a gift from Trog
 69021 | Vaults:5 | Received a gift from Trog
 69078 | Vaults:5 | Reached XP level 26. HP: 158/224 MP: 24/26
 69127 | Vaults:5 | Noticed an ancient lich
 69145 | Vaults:5 | Killed an ancient lich
 69556 | Vaults:5 | Got an ancient ivory ring
 69785 | Vaults:5 | Identified the +7 short sword "Acarineslayer" {holy, rElec
                  | Str+4 Int-2}
 69937 | Vaults:5 | Identified the Disquisition on Hexes
 70161 | Vaults:5 | Found Itaosch's Magic Scroll Boutique.
 70165 | Vaults:5 | Bought a scroll of enchant armour for 150 gold pieces
 70165 | Vaults:5 | Bought a scroll of blinking for 150 gold pieces
 70166 | Vaults:5 | Bought 3 scrolls of silence for 450 gold pieces
 70283 | Vaults:5 | Got a silver rune of Zot
 70399 | Vaults:5 | Identified the ring "Adelic" {Will+ Str+5 Slay-3} (You
                  | found it on level 5 of the Vaults)
 70400 | Vaults:5 | Identified the +5 scale mail of Transparent Leaves {Dex+6}
                  | (You found it on level 5 of the Vaults)
 70809 | Snake:3  | Bought a scroll of brand weapon for 400 gold pieces
 71404 | Zot:1    | Entered Level 1 of the Realm of Zot
 71810 | Snake:3  | Bought a scroll of magic mapping for 42 gold pieces
 71810 | Snake:3  | Bought a scroll of teleportation for 36 gold pieces
 71810 | Snake:3  | Bought a scroll of immolation for 42 gold pieces
 71813 | Snake:3  | Bought a potion of mutation for 120 gold pieces
 71818 | Snake:3  | Bought a potion of cancellation for 192 gold pieces
 71824 | Snake:3  | Bought a scroll of fear for 70 gold pieces
 72298 | Zot:1    | Found a runed translucent door.
 72302 | Zot:1    | Noticed Dawneret's ghost (master GnFi)
 72683 | Zot:1    | Reached skill level 10 in Throwing
 73700 | Zot:2    | Noticed Caminho's ghost (adept DDFi)
 73711 | Zot:2    | Found a runed translucent gate.
 73711 | Zot:2    | Found a runed translucent gate.
 73712 | Zot:2    | Found a runed translucent gate.
 73851 | Zot:2    | Noticed an orb of fire
 73866 | Zot:2    | Killed an orb of fire
 73959 | Zot:2    | Found a sacrificial altar of Ru.
 74053 | Zot:2    | Found a glowing silver altar of Zin.
 74899 | Zot:3    | Reached XP level 27. HP: 247/247 MP: 26/26
 75174 | Zot:5    | Entered Level 5 of the Realm of Zot
 75176 | Zot:5    | Upgraded the game from 0.26.0-18-gc5c842f807 to
                  | 0.26.0-20-g3ca415f5b8
 75415 | Zot:5    | Found a huge runed gate.
 75415 | Zot:5    | Found a huge runed gate.
 75416 | Zot:5    | Found a huge runed gate.
 75417 | Zot:5    | Found a huge runed gate.
 75418 | Zot:5    | Found a huge runed gate.
 75419 | Zot:5    | Found a huge runed gate.
 75420 | Zot:5    | Found a huge runed gate.
 75421 | Zot:5    | Found a huge runed gate.
 75422 | Zot:5    | Found a huge runed gate.
 75423 | Zot:5    | Found a huge runed gate.
 75424 | Zot:5    | Found a huge runed gate.
 75432 | Zot:5    | Found a huge runed gate.
 75432 | Zot:5    | Found a huge runed gate.
 75432 | Zot:5    | Found a huge runed gate.
 75432 | Zot:5    | Found a huge runed gate.
 75432 | Zot:5    | Found a huge runed gate.
 75432 | Zot:5    | Found a huge runed gate.
 75432 | Zot:5    | Found a huge runed gate.
 76241 | Zot:5    | Noticed an ancient lich
 76243 | Zot:5    | Noticed an ancient lich
 76249 | Zot:5    | Noticed an orb of fire
 76257 | Zot:5    | Noticed an orb of fire
 76266 | Zot:5    | Killed an ancient lich
 76267 | Zot:5    | Noticed an ancient lich
 76267 | Zot:5    | Noticed an orb of fire
 76269 | Zot:5    | Noticed an orb of fire
 76271 | Zot:5    | Noticed an orb of fire
 76274 | Zot:5    | Killed an ancient lich
 76276 | Zot:5    | Noticed an orb of fire
 76559 | Zot:5    | Received a gift from Trog
 76580 | Zot:5    | Gained mutation: You do not regenerate when monsters are
                  | visible. [an orb of fire]
 76591 | Zot:5    | Killed an orb of fire
 76775 | Zot:5    | Gained mutation: You tend to lose your temper in combat.
                  | [an orb of fire]
 76788 | Zot:5    | Gained mutation: You are dopey. (Int -2) [an orb of fire]
 76799 | Zot:5    | Gained mutation: Armour fits poorly on your strangely
                  | shaped body. [an orb of fire]
 76818 | Zot:5    | Killed an orb of fire
 76906 | Zot:5    | Gained mutation: You often lose your temper in combat. [an
                  | orb of fire]
 76919 | Zot:5    | Gained mutation: You are weak. (Str -2) [an orb of fire]
 76931 | Zot:5    | Killed an orb of fire
 77304 | Zot:5    | Found a huge runed gate.
 77305 | Zot:5    | Found a huge runed gate.
 77306 | Zot:5    | Found a huge runed gate.
 77306 | Zot:5    | Found a huge runed gate.
 77307 | Zot:5    | Found a huge runed gate.
 77307 | Zot:5    | Found a huge runed gate.
 77307 | Zot:5    | Found a huge runed gate.
 77343 | Zot:5    | Found a huge runed gate.
 77343 | Zot:5    | Found a huge runed gate.
 77383 | Zot:5    | Found a huge runed gate.
 77383 | Zot:5    | Found a huge runed gate.
 77388 | Zot:5    | Found a huge runed gate.
 77388 | Zot:5    | Found a huge runed gate.
 77415 | Zot:5    | Killed an ancient lich
 77612 | Zot:5    | Found a huge runed gate.
 77612 | Zot:5    | Found a huge runed gate.
 77612 | Zot:5    | Found a huge runed gate.
 77612 | Zot:5    | Found a huge runed gate.
 77620 | Zot:5    | Found a huge runed gate.
 77652 | Zot:5    | Gained mutation: You are very dopey. (Int -4) [an orb of
                  | fire]
 77674 | Zot:5    | Killed an orb of fire
 77893 | Zot:5    | Found a huge runed gate.
 77893 | Zot:5    | Found a huge runed gate.
 77893 | Zot:5    | Found a huge runed gate.
 77893 | Zot:5    | Found a huge runed gate.
 77893 | Zot:5    | Found a huge runed gate.
 77893 | Zot:5    | Found a huge runed gate.
 77894 | Zot:5    | Found a huge runed gate.
 77901 | Zot:5    | Found a huge runed gate.
 77937 | Zot:5    | Found a huge runed gate.
 77937 | Zot:5    | Found a huge runed gate.
 77937 | Zot:5    | Found a huge runed gate.
 77938 | Zot:5    | Found a huge runed gate.
 77949 | Zot:5    | Found a huge runed gate.
 77951 | Zot:5    | Found a huge runed gate.
 77952 | Zot:5    | Found a huge runed gate.
 77952 | Zot:5    | Found a huge runed gate.
 77953 | Zot:5    | Found a huge runed gate.
 78003 | Zot:5    | Found a huge runed gate.
 78267 | Zot:5    | Noticed an orb of fire
 78281 | Zot:5    | Gained mutation: Your body sometimes deteriorates upon
                  | taking damage. [an orb of fire]
 78293 | Zot:5    | Killed an orb of fire
 78295 | Zot:5    | Gained mutation: Potions are less effective at restoring
                  | your health. [an orb of fire]
 78303 | Zot:5    | Gained mutation: You are clumsy. (Dex -2) [an orb of fire]
 78305 | Zot:5    | Killed an orb of fire
 78307 | Zot:5    | Gained mutation: Your spells are a little harder to cast,
                  | but a little more powerful. [an orb of fire]
 78308 | Zot:5    | Noticed an orb of fire
 78313 | Zot:5    | Noticed an orb of fire
 78323 | Zot:5    | Killed an orb of fire
 78500 | Zot:5    | Lost mutation: You often lose your temper in combat.
                  | [potion of mutation]
 78500 | Zot:5    | Lost mutation: Armour fits poorly on your strangely shaped
                  | body. [potion of mutation]
 78500 | Zot:5    | Lost mutation: Potions are less effective at restoring your
                  | health. [potion of mutation]
 78500 | Zot:5    | Lost mutation: Your body sometimes deteriorates upon taking
                  | damage. [potion of mutation]
 78500 | Zot:5    | Gained mutation: You have sharp fingernails. [potion of
                  | mutation]
 78500 | Zot:5    | Gained mutation: Your flesh is cold resistant. (rC+)
                  | [potion of mutation]
 78576 | Zot:5    | Noticed an ancient lich
 78589 | Zot:5    | Killed an ancient lich
 78630 | Zot:5    | Noticed an ancient lich
 78707 | Zot:5    | Lost mutation: You are very dopey. (Int -4) [an orb of
                  | fire]
 78711 | Zot:5    | Gained mutation: Armour fits poorly on your strangely
                  | shaped body. [an orb of fire]
 78734 | Zot:5    | Killed an orb of fire
 78808 | Zot:5    | Killed an ancient lich
 78811 | Zot:5    | Found a huge runed gate.
 78812 | Zot:5    | Found a huge runed gate.
 78919 | Zot:5    | Found a huge runed gate.
 78920 | Zot:5    | Found a huge runed gate.
 78921 | Zot:5    | Found a huge runed gate.
 78922 | Zot:5    | Found a huge runed gate.
 78939 | Zot:5    | Killed an orb of fire
 78980 | Zot:5    | Found a huge runed gate.
 78980 | Zot:5    | Found a huge runed gate.
 78980 | Zot:5    | Found a huge runed gate.
 79084 | Zot:5    | Found a huge runed gate.
 79084 | Zot:5    | Found a huge runed gate.
 79084 | Zot:5    | Found a huge runed gate.
 79092 | Zot:5    | Found a huge runed gate.
 79860 | Zot:5    | Lost mutation: Armour fits poorly on your strangely shaped
                  | body. [potion of mutation]
 79860 | Zot:5    | Lost mutation: You tend to lose your temper in combat.
                  | [potion of mutation]
 79860 | Zot:5    | Lost mutation: You do not regenerate when monsters are
                  | visible. [potion of mutation]
 79860 | Zot:5    | Gained mutation: You tend to lose your temper in combat.
                  | [potion of mutation]
 79860 | Zot:5    | Lost mutation: You are dopey. (Int -2) [potion of mutation]
 79871 | Zot:5    | Got the Orb of Zot
 79913 | Zot:5    | Noticed Pasa Foafa the pandemonium lord
 80635 | D:1      | Noticed Xiybexot the pandemonium lord
 80656 | D:$      | Escaped with the Orb!

Illustrated notes

Levels and vault maps discovered:
D:1:      onia_arrival_handbag, layout_basic
D:2:      kennysheep_big_flooded_room, layout_loops_ring, lemuel_doored_altar,
          kennysheep_pointless_box, palyth_stone_intersect
D:3:      minmay_angry_zag, layout_basic, minmay_strange_pillars,
          grunt_gozag_statues
D:4:      layout_loops_ring, serial_forest, infiniplex_forest_end_2,
          infiniplex_forest_clump_diagonal, infiniplex_forest_lined_corner,
          infiniplex_forest_clump_large, infiniplex_forest_clump_diagonal,
          infiniplex_forest_end_double, infiniplex_forest_side_room,
          infiniplex_forest_lined_room_2, infiniplex_forest_clump_C,
          uniq_sigmund
D:5:      layout_basic, basic_altar, gup_sewer_entry_spiral,
          minmay_misc_feat_diagonals, grunt_ministairs_12, kennysheep_potato
D:6:      minmay_spotlight, layout_basic, bloody_trog
D:7:      layout_basic, minmay_temple_entry_fiery
D:8:      layout_rooms, elyvilon_altar_1, enter_bailey_2,
          small_chamber_with_monster
D:9:      layout_stronghold, basic_altar, ebering_ghost_xom,
          guppyfry_early_elven_hall
D:10:     layout_long_grid, basic_altar, kennysheep_generic_room_8
D:11:     nzn_winding_woodlands_small [nzn_winding_woodlands_5x15_twine,
          nzn_winding_woodlands_center_triple_pond,
          nzn_winding_woodlands_5x15_pool], layout_loops_corners,
          erik_lair_orcish_takeover, david_orc_4, lemuel_old_faithful
D:12:     regret_index_harrowing_hell_hive, layout_basic,
          kennysheep_generic_room_16, uniq_nessos
D:13:     layout_irregular_city, david_vaults_1, minmay_bent
D:14:     layout_cave_pods, uniq_josephine, uniq_snorg, uniq_louise
D:15:     hangedman_depths_entry_try_elsewhere_first, layout_layer_cave,
          minmay_tree_intersection, hangedman_batty
Temple:   regret_index_temple_chain_breaker
Lair:1:   layout_regular_city, small_statue_intersection, st_stairs_6,
          cheibrodos_lair_lostbears, uniq_fannar
Lair:2:   layout_cave_pods, minmay_shoals_entry_centaurs,
          infiniplex_staircase_pool, uniq_gastronok
Lair:3:   layout_gridlike, minmay_shattered_shrine
Lair:4:   layout_gridlike, guppyfry_snake_entry_island
Lair:5:   layout_big_grid, dpeg_slime_entry_corner
Lair:6:   due_jungle_book, layout_gridlike, portal_ice_cave_entry_ice_beasts,
          serial_bayou_pond_e, nicolae_lair_yak_garden
Shoals:1: layout_shoals, serial_shops, nicolae_shop_trees,
          nicolae_shoals_siren_and_animal_friends
Shoals:2: layout_shoals, nicolae_shoals_drake_roost, uniq_nikola
Shoals:3: layout_shoals, nicolae_shoals_kraken_intersection, uniq_polyphemus
Shoals:4: shoals_end_grunt_garden, layout_shoals, lightli_airlock, uniq_kirke
Snake:1:  layout_cave_shapes, grunt_megastairs_2, minmay_shop_grove, uniq_aizul
Snake:2:  layout_grid_shapes, special_room, basic_altar, serial_shops, shop,
          minmay_shop_star
Snake:3:  layout_rooms, serial_shops, nicolae_shop_overgrown_old_shop,
          serial_bayou_shore_a, minmay_shoptagon
Snake:4:  snake_pit, layout_chambers, nrook_guardian_serpent_double
Orc:1:    layout_caves, serial_shops, nicolae_shop_waterfront
Orc:2:    grunt_orc_gardens, layout_caves, grunt_orc_garden, grunt_orc_garden,
          grunt_orc_garden, grunt_orc_garden, gammafunk_ghost_abyssal_escape
Elf:1:    layout_gridlike, serial_shops, shop, minmay_elf_annihilation
Elf:2:    layout_loops_ring
Elf:3:    grunt_elf_hall_diamonds, layout_geoelf_castle, serial_shops,
          shop_statue, st_stairs_10, ebering_dispersal_statue_hall,
          dk_noncrumbling_4
Vaults:1: nicolae_vaults_network_quinsquares
          [nicolae_vaults_network_quincunx_subvault,
          nicolae_vaults_network_quincunx_subvault,
          nicolae_vaults_network_quincunx_subvault,
          nicolae_vaults_network_quincunx_subvault], v_rooms_2,
          grunt_vaults_bifocal, nicolae_vaults_triangles,
          nicolae_vaults_minivaults, hangedman_vaults_trim,
          nicolae_vaults_network_barrier, v_misc_2, v_misc_14,
          vaults_room_semicircle, nicolae_vaults_ring_of_whatevers,
          nicolae_vaults_asterisk, layout_vaults_omnicross, serial_glass
Vaults:2: nicolae_vaults_stairing_the_circle, vaults_room_door_hall,
          nicolae_vaults_border_crossing, nicolae_vaults_hallways_thing,
          nicolae_vaults_angled_halls, v_misc_9, nicolae_vaults_theta,
          vaults_mumra_minichess, vaults_room_door_hall, layout_vaults_omnigrid,
          uniq_margery
Vaults:3: nicolae_vaults_windows_and_doors_thing, v_misc_25,
          hangedman_vaults_corner, minmay_crypt_entry_vampire_xt,
          nicolae_vaults_branching_niches, nicolae_vaults_alarming,
          nicolae_vaults_what_the_h, vaults_mumra_hex,
          grunt_vaults_hallway_short, v_misc_8, layout_vaults_maze_bifur,
          serial_shops, shop_fountains
Vaults:4: ontoclasm_vaults_loading_screen, hangedman_vaults_nodes,
          ontoclasm_vaults_twist, vaults_room_fours,
          vaults_room_grunt_arrival_checkpoint, v_misc_30,
          vaults_room_ringed_pool, vaults_room_fours, layout_vaults_big_room
Vaults:5: serial_shops
Depths:1: layout_big_octagon, enter_ziggurat_e, lightli_too_deep,
          grunt_ministairs_6, minmay_misc_feat_encased, nrook_uturn,
          chequers_serial_rivers_room_a, ashenzari_altar_1
Depths:2: box_level_dp, hell_entry, abyss_entry, pan_entry
Depths:3: grunt_crosshair, layout_basic, hell_entry, minmay_room_of_horrors,
          rand_demon_pan_entry_5, minmay_staircase_windowed_small,
          grunt_megastairs_5, uniq_mennas, uniq_xtahua
Depths:4: nooodl_heptagram, layout_basic, pf_hell_entry_tar_river, abyss_entry,
          pan_entry
Depths:5: grunt_zot_entry_pinwheel, layout_gridlike, abyss_entry, hellmouth_3,
          hangedman_abyss_or_decor_jellyfish_corner
Zot:1:    layout_basic, ebering_ghost_inner_flame, skrybe_zot_glass_1
Zot:2:    layout_twisted_circle, gammafunk_ghost_split, bh_zot_ikea_curve,
          hangedman_feature_mirror, bh_zot_lava_cross, st_small_dragon_hoard_2,
          grunt_ministairs_4, bh_zot_levy_curve
Zot:3:    layout_gridlike, grunt_megastairs_4
Zot:4:    kennysheep_ambush_hall, layout_concentric_octagons
Zot:5:    layout_basic, grunt_ministairs_11, door_vault

Skill      XL: |  1  2  3  4  5  6  7  8  9 10 11 12 13 14 15 16 17 18 19 20 21 22 23 24 25 26 27 |
---------------+----------------------------------------------------------------------------------+-----
Axes           | 2 3 4 5 6 7 9 11 13 14 15 16 17 18 19 | 19.7
Shields        | 3 4 5 6 8 9 10 11 12 13 15 16 17 18 19 20 21 22 23 | 23.1
Fighting       | 4 5 6 7 9 10 11 12 13 14 15 16 17 18 19 20 21 23 | 23.7
Armour         | 4 6 8 9 10 12 13 14 15 16 17 18 19 20 22 | 22.5
Evocations     | 3 6 7 8 11 12 | 12.9
Spellcasting   | 2 |  2.5
Polearms       | 4 6 |  6.3
Throwing       | 5 8 11 14 | 14.9

Action                   |  1- 3 |  4- 6 |  7- 9 | 10-12 | 13-15 | 16-18 | 19-21 | 22-24 | 25-27 || total
-------------------------+-------+-------+-------+-------+-------+-------+-------+-------+-------++-------
Melee: War axe           |   106 |   159 |   490 |       |       |       |       |       |       ||   755
       Headbutt          |       |       |    71 |   119 |   238 |   276 |   365 |   352 |   492 ||  1913
       Hand axe          |       |       |   127 |    64 |       |       |       |       |       ||   191
       Broad axe         |       |       |       |   510 |  1096 |  1479 |  1744 |  1479 |  2147 ||  8455
Throw: Dart              |       |    13 |    11 |    20 |    44 |    44 |     8 |     6 |     1 ||   147
       Stone             |       |       |     8 |       |    12 |    38 |       |       |       ||    58
       Javelin           |       |       |       |       |       |       |       |    35 |    25 ||    60
       Throwing net      |       |       |       |       |       |       |       |       |     6 ||     6
Invok: Berserk           |       |     1 |     1 |     1 |     1 |     5 |     4 |     1 |     3 ||    17
       Brothers in Arms  |       |       |     3 |     8 |     4 |     4 |     1 |     4 |     5 ||    29
       Trog's Hand       |       |       |       |     4 |     8 |    24 |    16 |    10 |     4 ||    66
 Abil: Evoke Flight      |       |       |       |       |     3 |       |       |       |       ||     3
       Stop Flying       |       |       |       |       |     2 |       |       |       |       ||     2
       Hurl Damnation    |       |       |       |       |       |       |       |     2 |       ||     2
Evoke: Wand              |       |       |       |       |     7 |     2 |       |     4 |     6 ||    19
       Tin of tremorston |       |       |       |       |       |     1 |     1 |     4 |     2 ||     8
       Condenser vane    |       |       |       |       |       |     1 |     1 |     2 |     1 ||     5
       Phial of floods   |       |       |       |       |       |     1 |       |     1 |       ||     2
       Box of beasts     |       |       |       |       |       |       |       |     1 |       ||     1
  Use: Scroll            |       |     7 |     8 |    15 |    15 |    14 |     8 |     6 |    18 ||    91
       Potion            |       |       |       |       |       |     2 |       |       |    14 ||    16
 Stab: Paralysed         |       |       |       |       |     2 |       |       |       |       ||     2
       Distracted        |       |       |       |       |       |     2 |     1 |       |     2 ||     5
       Held in net/web   |       |       |       |       |       |       |       |       |     7 ||     7
Armor: Scale mail        |    47 |     6 |    64 |     5 |   191 |    25 |       |       |       ||   338
       Chain mail        |       |    65 |   287 |       |       |       |       |       |       ||   352
       Plate armour      |       |       |       |   328 |   329 |   462 |   373 |   377 |   447 ||  2316
       Skin              |       |       |       |       |       |       |       |       |     6 ||     6
Dodge: Dodged            |    29 |    34 |   121 |   106 |   154 |   409 |   264 |   307 |   362 ||  1786
Block: Kite shield       |    52 |    80 |   311 |   163 |       |       |       |       |       ||   606
       Tower shield      |       |       |       |   289 |   977 |  1506 |  1524 |  1664 |  1943 ||  7903
